Map: Bel'Shir Vestige LE (Void)

Players

Nerchio - Winner!

  • Race: Zerg Zerg
  • Spawn Location: 5:00

Patience

  • Race: Protoss Protoss
  • Spawn Location: 11:00

Event: IEM XI Katowice - World Championship 2017

VOD

Have the link to the VOD?

Description

Time

  • Played on: March 3, 2017, 10:30 a.m.
  • Length: 12:49

All games in this series

Show
View Real Time Build Order
Export as new Build Order

Nerchio Zerg - Winner!

Build Orders: Hatch First, Lurkers 

Get SALT Encoding   

  12  0:00  Drone  
  13  0:12  Overlord  
  13  0:17  Drone  
  14  0:30  Drone x2  
  14  0:34  Drone  
  17  0:51  Hatchery  
  17  0:54  Drone  
  18  0:57  Drone  
  18  1:05  Extractor  
  17  1:12  Spawning Pool  
  17  1:15  Drone  
  18  1:18  Drone  
  18  1:27  Drone  
  19  1:38  Overlord  
  19  1:49  Drone  
  20  1:58  Queen  
  20  2:00  Zergling x2  
  23  2:03  Queen  
  23  2:05  Metabolic Boost  
  26  2:08  Drone  
  26  2:12  Drone  
  28  2:15  Drone  
  28  2:21  Drone  
  29  2:34  Zergling x2  
  29  2:36  Drone x2  
  32  2:43  Drone  
  33  2:46  Overlord  
  33  2:47  Queen  
  35  2:55  Drone  
  35  3:01  Zergling x2  
  36  3:06  Zergling x2  
  36  3:08  Zergling x4  
  36  3:11  Drone x3  
  36  3:12  Overlord, Drone  
  43  3:24  Drone x2  
  44  3:27  Overlord  
  44  3:34  Drone  
  45  3:43  Hatchery, Overlord  
  45  3:45  Drone  
  45  3:46  Spore Crawler, Drone x2  
  46  3:49  Drone x2  
  46  3:51  Drone  
  46  3:52  Drone  
  48  3:58  Drone x2  
  48  4:00  Evolution Chamber  
  48  4:04  Spore Crawler  
  48  4:05  Extractor  
  48  4:08  Drone  
  47  4:10  Spore Crawler  
  47  4:11  Drone  
  47  4:14  Queen  
  47  4:16  Drone x3  
  53  4:18  Drone  
  53  4:22  Overlord  
  53  4:23  Drone  
  54  4:25  Drone  
  54  4:27  Drone  
  54  4:30  Zerg Missile Weapons Level 1  
  56  4:34  Overlord  
  56  4:37  Overlord  
  56  4:46  Zergling x2  
  56  4:47  Zergling x4, Roach Warren  
  56  4:49  Zergling x2  
  56  4:51  Zergling x2  
  60  4:52  Zergling x2  
  60  4:53  Zergling x2  
  60  4:55  Zergling x2  
  62  5:00  Zergling x2  
  62  5:02  Queen  
  65  5:13  Drone x5  
  69  5:19  Drone  
  69  5:20  Drone x2  
  67  5:21  Drone x2  
  67  5:23  Lair  
  69  5:30  Drone x2  
  69  5:32  Drone  
  72  5:38  Drone x2  
  72  5:39  Drone  
  72  5:41  Drone  
  72  5:42  Drone x2  
  76  5:48  Extractor  
  75  5:50  Extractor  
  75  5:53  Drone x3  
  76  6:03  Drone x3  
  79  6:06  Drone x2  
  79  6:07  Hatchery  
  79  6:08  Drone x2  
  79  6:10  Overlord  
  82  6:14  Spore Crawler, Extractor x2  
  82  6:15  Overlord  
  79  6:24  Spore Crawler  
  77  6:26  Zerg Missile Weapons Level 2  
  77  6:30  Roach x7  
  77  6:31  Hydralisk Den  
  88  6:33  Drone  
  88  6:34  Drone x2  
  88  6:35  Glial Reconstitution  
  88  6:37  Roach  
  93  6:43  Drone x5  
  98  6:55  Overlord, Hydralisk Den  
  98  6:57  Overseer  
  97  7:02  Hydralisk x5  
  105  7:10  Muscular Augments  
  105  7:19  Hydralisk x4  
  105  7:20  Hatchery  
  112  7:24  Queen  
  112  7:27  Overlord x2  
  114  7:34  Lurker Den  
  114  7:35  Drone x3  
  114  7:36  Drone x2  
  119  7:37  Drone  
  119  7:40  Overlord  
  119  7:43  Overlord  
  120  7:46  Drone x4  
  120  7:47  Drone  
  120  7:48  Drone  
  126  7:54  Hydralisk x2  
  126  7:57  Hydralisk  
  132  7:59  Hydralisk, Extractor  
  132  8:00  Hydralisk  
  132  8:02  Ravager x3  
  132  8:05  Hydralisk  
  137  8:07  Roach  
  137  8:08  Roach  
  137  8:09  Roach  
  137  8:11  Roach  
  145  8:13  Roach  
  145  8:14  Roach  
  145  8:17  Roach  
  151  8:20  Overlord  
  151  8:21  Overlord  
  151  8:26  Overlord  
  151  8:31  Overlord  
  151  8:34  Overlord  
  151  8:39  Roach x7  
  164  8:43  Roach x2  
  163  8:52  Zergling x14  
  163  8:53  Zergling x2  
  157  8:56  Roach x2  
  157  8:58  Roach x2  
  151  9:05  Lurker  
  151  9:06  Lurker x5  
  151  9:07  Hydralisk  
  159  9:12  Hydralisk x2  
  159  9:14  Hydralisk  
  162  9:17  Zergling x4  
  162  9:18  Zergling x2  
  162  9:20  Zergling x4  
  162  9:22  Zergling x4  
  165  9:25  Zergling x2  
  165  9:26  Zergling x4  
  165  9:28  Zergling x4  
  165  9:29  Zergling x2  
  171  9:31  Hydralisk  
  171  9:36  Hydralisk  
  171  9:37  Hydralisk  
  177  9:39  Zergling x4  
  177  9:43  Hydralisk x2  
  183  9:49  Baneling Nest  
  183  9:52  Zerg Melee Weapons Level 1  
  178  9:53  Drone x2  
  178  9:55  Infestation Pit  
  169  10:01  Zergling x4  
  169  10:03  Zergling x12  
  163  10:07  Hydralisk x2  
  163  10:08  Overseer  
  163  10:09  Overseer  
  163  10:10  Hydralisk  
  163  10:14  Hydralisk  
  163  10:17  Hydralisk x2  
  163  10:20  Hydralisk  
  170  10:22  Zergling x2  
  170  10:23  Zergling x2  
  170  10:28  Zergling x10  
  170  10:29  Zergling x2  
  170  10:31  Zergling x2  
  172  10:38  Zergling x8  
  172  10:41  Hydralisk x2  
  179  10:45  Zergling x2  
  179  10:46  Zergling x6  
  179  10:48  Overlord  
  179  10:49  Overlord  
  182  10:54  Overlord x2  
  182  10:59  Overseer  
  179  11:04  Hive  
  177  11:11  Spore Crawler  
  177  11:13  Spine Crawler, Zergling x14  
  177  11:17  Zergling x2  
  177  11:18  Zergling x6  
  186  11:30  Zergling x10  
  183  11:34  Zergling x8  
  183  11:35  Zergling x2  
  183  11:38  Overlord  
  183  11:39  Infestor x3  
  174  11:47  Zergling x2  
  174  11:48  Zergling x4  
  174  11:52  Zergling x6  
  172  12:01  Zergling x2  
  172  12:02  Zergling x2  
  172  12:04  Zergling x6  
  172  12:06  Zergling x2  
  178  12:12  Hydralisk x2  
  179  12:15  Hatchery  
  179  12:18  Hydralisk  
  179  12:20  Hydralisk  
  179  12:21  Hydralisk  
  173  12:25  Zergling x4  
  173  12:26  Zergling x2  
Show
View Real Time Build Order
Export as new Build Order

Patience Protoss 

Build Orders: 1 Gate Expand, Oracle Opening, Phoenix Opening 

Get SALT Encoding   

  12  0:01  Probe (Chrono Boost)  
  13  0:11  Probe (Chrono Boost)  
  14  0:20  Pylon  
  14  0:22  Probe (Chrono Boost)  
  15  0:38  Probe (Chrono Boost)  
  15  0:41  Gateway  
  16  0:47  Assimilator  
  16  0:48  Probe (Chrono Boost)  
  17  0:59  Probe (Chrono Boost)  
  18  1:09  Probe (Chrono Boost)  
  19  1:20  Probe (Chrono Boost)  
  19  1:24  Nexus  
  20  1:33  Cybernetics Core  
  20  1:36  Probe (Chrono Boost)  
  21  1:42  Assimilator  
  22  1:47  Probe (Chrono Boost)  
  22  1:52  Pylon  
  22  1:57  Probe (Chrono Boost)  
  23  2:08  Adept  
  23  2:11  Probe (Chrono Boost)  
  26  2:19  Stargate  
  27  2:24  Probe (Chrono Boost)  
  27  2:26  Warp Gate  
  27  2:31  Adept  
  27  2:34  Pylon  
  29  2:39  Probe x2 (Chrono Boost)  
  31  2:50  Pylon  
  31  2:53  Probe (Chrono Boost)  
  31  2:54  Probe (Chrono Boost)  
  33  2:59  Oracle, Adept  
  40  3:05  Probe (Chrono Boost)  
  40  3:07  Probe (Chrono Boost)  
  40  3:14  Pylon  
  40  3:16  Probe (Chrono Boost)  
  40  3:19  Probe (Chrono Boost)  
  43  3:29  Mothership Core (Chrono Boost)  
  43  3:31  Gateway, Probe (Chrono Boost)  
  43  3:34  Gateway  
  43  3:37  Adept  
  45  3:41  Phoenix  
  45  3:48  Probe x2 (Chrono Boost)  
  49  4:00  Probe x2 (Chrono Boost)  
  49  4:02  Pylon  
  51  4:11  Probe x2 (Chrono Boost)  
  53  4:21  Probe x2 (Chrono Boost)  
  55  4:31  Nexus, Adept  
  55  4:32  Pylon, Adept x2, Probe (Chrono Boost)  
  55  4:35  Pylon  
  62  4:45  Assimilator  
  62  4:46  Assimilator  
  62  4:51  Probe x2 (Chrono Boost)  
  64  4:56  Robotics Facility  
  64  5:01  Probe x2 (Chrono Boost)  
  64  5:03  Twilight Council  
  64  5:04  Forge  
  66  5:12  Probe x2 (Chrono Boost)  
  56  5:21  Adept  
  56  5:22  Adept x2, Probe x2 (Chrono Boost)  
  64  5:32  Pylon  
  64  5:33  Probe x2 (Chrono Boost)  
  66  5:39  Protoss Ground Weapons Level 1  
  66  5:43  Probe (Chrono Boost)  
  66  5:44  Resonating Glaives  
  66  5:45  Sentry, Probe (Chrono Boost)  
  66  5:46  Sentry x2  
  66  5:49  Probe (Chrono Boost)  
  76  5:51  Warp Prism  
  77  6:01  Gateway x2  
  77  6:03  Gateway  
  77  6:06  Probe x2 (Chrono Boost)  
  77  6:08  Gateway, Probe (Chrono Boost)  
  77  6:10  Gateway  
  80  6:13  Pylon  
  80  6:14  Pylon  
  80  6:21  Probe x3 (Chrono Boost)  
  80  6:22  Assimilator  
  83  6:29  Assimilator  
  84  6:32  Observer  
  84  6:33  Probe (Chrono Boost)  
  84  6:39  Dark Shrine  
  87  6:40  Pylon, Probe x2 (Chrono Boost)  
  87  6:42  Pylon, Adept x2  
  87  6:43  Adept  
  93  6:51  Photon Cannon  
  93  6:58  Immortal  
  93  7:04  Pylon  
  97  7:09  Robotics Facility  
  97  7:11  Pylon  
  97  7:14  Probe x2 (Chrono Boost)  
  99  7:16  Protoss Ground Weapons Level 2  
  99  7:18  Nexus  
  99  7:25  Pylon  
  99  7:26  Sentry x2  
  99  7:27  Adept x5, Sentry  
  99  7:28  Blink  
  112  7:50  Adept  
  112  7:51  Adept x7  
  128  7:59  Immortal x2  
  128  8:02  Pylon  
  136  8:23  Probe x3 (Chrono Boost), Photon Cannon  
  136  8:24  Photon Cannon  
  139  8:34  Stalker x7  
  143  8:38  Stalker  
  158  8:41  Probe (Chrono Boost)  
  158  8:42  Probe x2 (Chrono Boost)  
  158  8:43  Probe (Chrono Boost)  
  133  9:04  Stalker x6  
  133  9:05  Stalker  
  133  9:08  Stalker, Immortal  
  141  9:11  Immortal  
  145  9:35  Dark Templar x2, Protoss Ground Weapons Level 3  
  145  9:38  Dark Templar x4  
  145  9:40  Adept x4  
  158  9:48  Observer x2  
  160  9:57  Pylon  
  160  9:58  Pylon  
  160  9:59  Pylon  
  128  10:14  Stalker  
  128  10:15  Stalker x5  
  128  10:16  Stalker  
  128  10:17  Zealot  
  130  10:40  Stalker x7  
  130  10:41  Stalker  
  144  10:47  Pylon  
  140  10:51  Observer  
  140  10:52  Observer  
  134  10:58  Nexus  
  131  11:12  Adept  
  131  11:17  Stalker  
  131  11:18  Stalker x6  
  141  11:20  Photon Cannon  
  141  11:22  Pylon  
  145  11:32  Nexus  
  144  11:33  Pylon  
  131  11:53  Stalker x2  
  131  11:54  Stalker x6  
  138  12:23  Nexus  
  138  12:28  Stalker x6  

Tags
 
Add a new tag
Caveats
  • Supply blocks, unpowered buildings, or Contaminate may cause inaccurate times.
  • Supply counts are checked every 10 seconds.